 Seeded DCSS version 0.31-a0-233-g139696dc86 (webtiles) character file.

Game seed: 1032070793820536607 (custom seed)

1103 innerfire43 the Ducker (level 8, -13/58 HPs)
             Began as a Demonspawn Monk on July 9, 2023.
             Mangled by Edmund
             ... wielding a +4 flail of holy wrath
              (18 damage)
             ... on level 6 of the Dungeon.
             The game lasted 00:07:26 (4903 turns).

innerfire43 the Ducker (Demonspawn Monk)            Turns: 4903, Time: 00:07:26

Health: -13/58     AC: 13    Str: 13    XL:     8   Next: 11%
Magic:  9/12       EV: 14    Int: 18    God:
Gold:   305        SH:  4    Dex: 17    Spells: 3/13 levels left

rFire   . . .        i - +4 dagger (speed)
rCold   . . .        d - orb {light}
rNeg    . . .        x - +2 robe "Rome" {Contam rElec Int+7}
rPois   .            (helmet restricted)
rElec   +            r - +0 cloak
rCorr   .            (no gloves)
SInv    .            (no boots)
Will    .....        (no amulet)
Stlth   +            n - +4 ring of slaying
HPRegen 0.29/turn    (no ring)
MPRegen 0.13/turn

%: no passive effects
@: glowing
A: antennae 1, icemail 2, condensation shield
a: no special abilities


You were on level 6 of the Dungeon.
You visited 1 branch of the dungeon, and saw 6 of its levels.

You collected 305 gold pieces.

Inventory:

Hand Weapons
 a - a +0 hand axe
 i - a +4 dagger of speed (weapon)
Missiles
 y - 2 throwing nets
Armour
 b - a +0 robe
 d - an orb of light (worn)
 j - a scarf of repulsion
 r - a +0 cloak (worn)
 x - the +2 robe "Rome" (worn) {Contam rElec Int+7}
   (You found it on level 3 of the Dungeon)

   Int:       It affects your intelligence (+7).
   rElec:     It insulates you from electricity.
   Contam:    It causes magical contamination when unequipped.
 B - a +1 plate armour of poison resistance
Jewellery
 n - a +4 ring of slaying (left hand)
Scrolls
 f - a scroll of noise
 k - a scroll of vulnerability
 l - 3 scrolls of amnesia
 q - 2 scrolls of blinking
 s - a scroll of fear
 v - a scroll of poison
 A - a scroll of teleportation {unknown}
Potions
 c - a potion of ambrosia
 e - a potion of might {unknown}
 g - a potion of enlightenment {unknown}
 h - a potion of invisibility {unknown}
 m - 2 potions of magic {unknown}
 o - 5 potions of curing {unknown}
 p - 2 potions of mutation {unknown}
 t - a potion of brilliance {unknown}
 u - a potion of heal wounds {unknown}
 w - a potion of attraction {unknown}
 z - a potion of degeneration {unknown}
 C - a potion of haste {unknown}


   Skills:
 - Level 3.0 Fighting
 - Level 4.0 Short Blades
 - Level 3.0 Axes
 - Level 5.2 Dodging
 + Level 3.2 Spellcasting
 * Level 0.4 Conjurations
 - Level 3.2 Hexes
 - Level 3.3 Summonings


You had 3 spell levels left.
You knew the following spells:

 Your Spells              Type           Power      Damage    Failure   Level
a - Summon Guardian Gole  Hex/Summ       14%        N/A       12%         3
b - Orb of Destruction    Conj           2%         9d5       100%        7

Your spell library contained the following spells:

 Spells                   Type           Power      Damage    Failure   Level
 Freeze                   Ice            8%         1d3       16%         1
 Frozen Ramparts          Ice            4%         1d1       43%         3
 Gell's Gravitas          Tloc           2%         N/A       43%         3
 Summon Ice Beast         Ice/Summ       8%         N/A       63%         4
 Ice Form                 Ice/Tmut       2%         N/A       85%         4
 Manifold Assault         Tloc           2%         N/A       85%         4
 Simulacrum               Ice/Necr       1%         N/A       100%        6
 Spellforged Servitor     Conj/Summ      4%         N/A       100%        7


Dungeon Overview and Level Annotations

Branches:
Dungeon (6/15)
 Temple: D:4-7

Altars:

Annotations:
D:6 Edmund


Innate Abilities, Weirdness & Mutations

You have a pair of small antennae on your head.
A meltable icy envelope protects you from harm. (AC +8)
A meltable shield of frost defends you. (SH +4)


Message History

Casting: Summon Guardian Golem (dangerous; 12% risk of failure)
Confirm with . or Enter, or press ? or * to list all spells.
A guardian golem appears, shielding your allies.
The gnoll barely misses you. x3
The gnoll sergeant hits you from afar with a +0 trident.
You hit the gnoll but do no damage.
The gnoll is moderately wounded.
The gnoll closely misses you. The gnoll hits you but does no damage.
The gnoll hits you with a +0 whip! The gnoll sergeant closely misses you.
You hit the gnoll.
The gnoll is moderately wounded.
You barely miss the gnoll.
The gnoll is moderately wounded.
The gnoll barely misses you. The gnoll misses you.
The gnoll sergeant hits you from afar with a +0 trident.
The gnoll hits you with a +0 whip! The gnoll hits you with a +0 whip.
The gnoll hits you with a +0 club. The gnoll sergeant closely misses you.
You hit the gnoll sergeant.
The gnoll sergeant is lightly wounded.
You hit the gnoll sergeant.
The gnoll sergeant is lightly wounded.
You block Edmund's attack.
An ice beast comes into view.
The gnoll barely misses you. You block the gnoll's attack.
The gnoll barely misses you.
The gnoll sergeant hits you with a +0 trident!
* * * LOW HITPOINT WARNING * * *
You hit the gnoll.
The gnoll is almost dead.
You hit the gnoll.
You kill the gnoll!
The gnoll hits you with a +0 whip.
* * * LOW HITPOINT WARNING * * *
The gnoll hits you but does no damage.
The gnoll sergeant hits you with a +0 trident.
* * * LOW HITPOINT WARNING * * *
Edmund drinks a potion.
Edmund goes berserk!
Edmund hits you with a +4 flail of holy wrath!!
You die...

...........
...Y......#
.[......[.#
..........###
............
..........#
.......g@.#
......9@.g#
....:..g).#
##........#
#.$.........
#.#.#########
# #. #


You could see Edmund (berserk), an ice beast, a gnoll sergeant, 2 gnolls and a
friendly guardian golem (summoned).

Vanquished Creatures
  Sigmund (D:2)
  A black bear (D:4)
  An ogre (D:4)
  A kobold brigand (D:5)
  A scorpion (D:5)
  An orc priest (D:3)
  A hound (D:4)
  3 jellies
  An iguana (D:2)
  6 orc wizards
  11 gnolls
  5 adders
  2 shadow imps (D:5)
  3 worms
  A dart slug (D:4)
  14 orcs
  3 bats
  4 endoplasms
  2 giant cockroaches (D:4)
  5 hobgoblins
  6 jackals
  2 quokkas
  4 ball pythons
  6 frilled lizards
  3 goblins (D:1)
  9 kobolds
  5 rats
102 creatures vanquished.

Vanquished Creatures (others)
  A gnoll bouda (D:5)
  2 gnolls (D:5)
3 creatures vanquished.

Grand Total: 105 creatures vanquished

Notes
Turn   | Place    | Note
-------+----------+-------------------------------------------
     0 | D:1      | innerfire43 the Demonspawn Monk began the quest for the
                  | Orb.
     0 | D:1      | Reached XP level 1. HP: 18/18 MP: 1/1
     8 | D:1      | Got the Incunabulum of Shivering Relocation
   243 | D:1      | Reached skill level 3 in Dodging
   243 | D:1      | Gained mutation: A meltable shield of frost defends you.
                  | (SH +4) [demonic ancestry]
   243 | D:1      | Reached XP level 2. HP: 24/24 MP: 2/2
   917 | D:2      | Reached skill level 1 in Short Blades
   917 | D:2      | Reached XP level 3. HP: 25/29 MP: 3/3
  1215 | D:2      | Gained mutation: A meltable icy envelope protects you from
                  | harm. (AC +8) [demonic ancestry]
  1215 | D:2      | Reached XP level 4. HP: 27/35 MP: 4/4
  1569 | D:2      | Reached skill level 4 in Dodging
  1648 | D:2      | Noticed Sigmund
  1678 | D:2      | Killed Sigmund
  1679 | D:2      | Reached XP level 5. HP: 30/41 MP: 5/5
  1679 | D:2      | Reached XP level 6. HP: 35/47 MP: 6/6
  2478 | D:3      | HP: 2/47 [orc priest/divine providence (8)]
  2481 | D:3      | Reached skill level 5 in Dodging
  3055 | D:3      | Identified the +2 robe "Rome" {Contam rElec Int+7}
  3071 | D:3      | Learned a level 3 spell: Summon Guardian Golem
  3270 | D:4      | Reached skill level 1 in Spellcasting
  3479 | D:4      | Reached skill level 1 in Hexes
  3479 | D:4      | Reached skill level 1 in Summonings
  3479 | D:4      | Gained mutation: A meltable icy envelope protects you from
                  | harm. (AC +8) [demonic ancestry]
  3479 | D:4      | Reached XP level 7. HP: 44/52 MP: 7/9
  3883 | D:5      | Entered Level 5 of the Dungeon
  4434 | D:5      | Gained mutation: You have a pair of small antennae on your
                  | head. [demonic ancestry]
  4434 | D:5      | Reached XP level 8. HP: 51/58 MP: 12/12
  4881 | D:5      | Learned a level 7 spell: Orb of Destruction
  4888 | D:6      | Noticed Edmund
  4903 | D:6      | Mangled by Edmund

Illustrated notes

Levels and vault maps discovered:
D:1:      ebering_trefoil_twist, layout_loops_cross,
          chequers_serial_rivers_room_b
D:2:      layout_loops_corners, uniq_sigmund
D:3:      layout_loops_ring, lightli_sewer_entry_pipes
D:4:      layout_rooms
D:5:      layout_loops_ring, lexackson_kobold_supper
D:6:      layout_loops_ring, grunt_dithmenos_smoke_and_mirrors,
          minmay_temple_entry_antechambers, minmay_misc_feat_doors, uniq_edmund

Skill      XL: |  1  2  3  4  5  6  7 |
---------------+----------------------+-----
Axes           | 3 |  3.0
Dodging        | 3 4 5 |  5.2
Short Blades   | 1 3 4 |  4.0
Spellcasting   | 1 3 |  3.2
Hexes          | 1 3 |  3.2
Summonings     | 1 3 |  3.3
Fighting       | |  3.0
Conjurations   | |  0.4

Action                     |  1- 3 |  4- 6 |  7- 9 || total
---------------------------+-------+-------+-------++-------
  Melee: Hand axe          |    21 |       |       ||    21
         Dagger            |    34 |   167 |   132 ||   333
   Cast: Summon Guardian G |       |       |     5 ||     5
    Use: Scroll            |       |       |     6 ||     6
 Armour: Robe              |     5 |    25 |    36 ||    66
  Dodge: Dodged            |    26 |    49 |    87 ||   162
  Block: Orb               |     7 |    12 |    14 ||    33

Table legend: (Time is in decaauts)
 A = Elapsed time spent in this place.
 B = Non-inter-level travel time spent in this place.
 C = Inter-level travel time spent in this place.
 D = Time resting spent in this place.
 E = Time spent auto-exploring this place.
 F = Levels seen in this place.
 G = Mean time per level.
                   A        B        C        D        E       F      G
               +--------+--------+--------+--------+--------+-----+--------+
         Total |   4789 |   4304 |    485 |      0 |   3664 |   6 |  798.2 |
       Dungeon |   4789 |   4304 |    485 |      0 |   3664 |   6 |  798.2 |
               +--------+--------+--------+--------+--------+-----+--------+

Top non-repeatable levels by time:
     D:2: 1345 daAuts
     D:3: 1020 daAuts
     D:5: 965 daAuts
     D:1: 851 daAuts
     D:4: 598 daAuts
     D:6: 8 daAuts
